 Dungeon Crawl Stone Soup version 0.29-a0-451-gfbfa424 (webtiles) character file.

Game seed: 18152369901099049079

1969 Toastz the Thaumaturge (level 9, -4/67 HPs)
             Began as a Gnoll Wanderer on May 19, 2022.
             Was a Believer of Cheibriados.
             Slain by a gnoll sergeant
             ... wielding a +0 spear
              (11 damage)
             ... on level 6 of the Dungeon.
             The game lasted 00:18:29 (7317 turns).

Toastz the Thaumaturge (Gnoll Wanderer)             Turns: 7317, Time: 00:18:30

Health: -4/67      AC:  9    Str: 16    XL:     9   Next: 20%
Magic:  4/20       EV: 11    Int: 22    God:    Cheibriados [**....]
Gold:   339        SH:  5    Dex: 13    Spells: 24/28 levels left

rFire   . . .      SeeInvis .   a - +1 flail (vorpal)
rCold   . . .      Faith    .   E - +0 buckler
rNeg    . . .      Spirit   .   x - +0 ring mail
rPois   .          Reflect  .   l - +0 helmet
rElec   .          Harm     .   (no cloak)
rCorr   .          Rampage  .   (no gloves)
Will    .....                   (no boots)
Stlth   ++........              (no amulet)
HPRegen 0.21/turn               (no ring)
MPRegen 0.17/turn               (no ring)

@: very slightly contaminated, very slow
A: fangs 1, strong nose, distributed training, iridescent scales 1, low MP 1,
wild magic 1
a: Renounce Religion, Bend Time


You were on level 6 of the Dungeon.
You worshipped Cheibriados.
Cheibriados was pleased with you.
You visited 2 branches of the dungeon, and saw 7 of its levels.

You collected 339 gold pieces.

Inventory:

Hand Weapons
 a - a +1 vorpal flail (weapon)
 b - a +0 short sword of venom
 h - a +0 falchion of draining
Missiles
 k - 2 javelins
 o - 11 boomerangs
 s - 12 poisoned darts
Armour
 d - a +0 robe
 l - a +0 helmet (worn)
 t - a +0 scale mail
 x - a +0 ring mail (worn)
 E - a +0 buckler (worn)
Magical Staves
 i - a staff of earth
Jewellery
 y - an amulet of regeneration
 A - a ring of ice
Scrolls
 c - a scroll of fog
 e - a scroll of vulnerability
 g - a scroll of brand weapon
 n - a scroll of summoning {unknown}
 q - 3 scrolls of magic mapping
 u - a scroll of blinking
 w - 3 scrolls of teleportation {unknown}
 B - a scroll of amnesia {unknown}
 C - a scroll of immolation {unknown}
 F - a scroll of fear {unknown}
Potions
 f - 3 potions of curing
 j - 2 potions of brilliance {unknown}
 m - a potion of resistance
 p - 2 potions of heal wounds {unknown}
 r - a potion of cancellation {unknown}
 v - a potion of magic {unknown}
 z - a potion of haste {unknown}
 D - 2 potions of invisibility {unknown}
 G - a potion of attraction {unknown}


   Skills:
 + Level 4.8 Fighting
 + Level 4.0 Short Blades
 + Level 4.0 Long Blades
 + Level 4.0 Axes
 + Level 4.0 Maces & Flails
 + Level 4.0 Polearms
 + Level 4.0 Staves
 + Level 4.0 Slings
 + Level 4.0 Bows
 + Level 4.0 Crossbows
 + Level 4.0 Throwing
 + Level 6.1 Armour
 + Level 4.0 Dodging
 + Level 4.0 Stealth
 + Level 6.1 Shields
 + Level 4.0 Unarmed Combat
 + Level 10.1 Spellcasting
 + Level 3.3 Conjurations
 + Level 3.3 Hexes
 + Level 3.3 Summonings
 + Level 3.3 Necromancy
 + Level 3.3 Translocations
 + Level 3.3 Transmutations
 + Level 3.3 Fire Magic
 + Level 3.3 Ice Magic
 + Level 3.3 Air Magic
 + Level 3.3 Earth Magic
 + Level 3.3 Poison Magic
 + Level 4.4 Invocations
 + Level 4.0 Evocations


You had 24 spell levels left.
You knew the following spells:

 Your Spells              Type           Power      Damage    Failure   Level
a - Foxfire               Conj/Fire      100%       2x1d9     6%          1
b - Slow                  Hex            100%       N/A       6%          1
c - Wereblood             Tmut           33%        N/A       9%          2

Your spell library contained the following spells:

 Spells                   Type           Power      Damage    Failure   Level
 Freeze                   Ice            100%       1d11      6%          1


Dungeon Overview and Level Annotations

Branches:
Dungeon (6/15)             Temple (1/1) D:4

Altars:
Cheibriados
Dithmenos
Fedhas
Gozag
Hepliaklqana
Kikubaaqudgha
Nemelex Xobeh
Okawaru
Qazlal
Sif Muna
Trog
Uskayaw
Vehumet
Wu Jian
Xom
Yredelemnul
Zin
The Shining One

Annotations:
D:3 3 runed translucent doors, myxocpahck's ghost, amateur GrMo


Innate Abilities, Weirdness & Mutations

You have very sharp teeth.
Your uncanny sense of smell can sniff out nearby items.
Your experience applies equally to all skills.
You are partially covered in iridescent scales. (AC +2)
Your magical capacity is low. (-10% MP)
Your spells are a little harder to cast, but a little more powerful.


Message History

A hound comes into view.
The gnoll sergeant hits you from afar with a +0 spear!
* * * LOW HITPOINT WARNING * * *
The hound barks!
Casting: Foxfire (safe; 6% risk of failure)
Confirm with . or Enter, or press ? or * to list all spells.
You conjure some foxfire!
You hear a shout! x2
The gnoll sergeant hits you from afar with a +0 spear.
* * * LOW HITPOINT WARNING * * *
Casting: Foxfire (safe; 6% risk of failure)
Confirm with . or Enter, or press ? or * to list all spells.
You conjure some foxfire!
The foxfire hits the hound.
The hound is lightly wounded.
The foxfire hits the hound.
The hound is heavily wounded.
The gnoll sergeant closely misses you.
The foxfire hits the hound.
The hound is severely wounded.
Casting: Foxfire (safe; 6% risk of failure)
Confirm with . or Enter, or press ? or * to list all spells.
You conjure some foxfire!
The foxfire hits the hound.
The hound is severely wounded.
The hound barely misses you. The gnoll sergeant closely misses you.
Casting: Foxfire (safe; 6% risk of failure)
Confirm with . or Enter, or press ? or * to list all spells.
You conjure some foxfire!
The foxfire hits the hound!
You kill the hound!
Cheibriados thoroughly appreciates the change of pace.
The foxfire hits the gnoll sergeant but does no damage.
The gnoll sergeant is severely wounded.
The gnoll sergeant hits you from afar with a +0 spear!
* * * LOW HITPOINT WARNING * * *
Casting: Foxfire (safe; 6% risk of failure)
Confirm with . or Enter, or press ? or * to list all spells.
You conjure some foxfire!
The foxfire hits the gnoll sergeant.
The gnoll sergeant is severely wounded.
The foxfire hits the gnoll sergeant.
The gnoll sergeant is almost dead.
The gnoll sergeant hits you from afar with a +0 spear!
You die...

##.. ... ...#
#.. ... #.. ..#
#... ###.)
....##...##
...)...ยงยง.###
#gv@....#
##v###..#..
#..........
###..##..##
#..##.#
#...#.##
###......##
#..........
#..........


You could see a gnoll sergeant (ally target).

Vanquished Creatures
  Sigmund (D:3)
  A steam dragon (D:6)
  Edmund (D:5)
  2 ice beasts (D:5)
  A black bear (D:6)
  3 ogres
  Blork the orc (D:4)
  3 scorpions
  2 gnoll shamans
  4 hounds
  2 jellies (D:5)
  4 orc priests
  5 iguanas
  2 orc wizards
  Robin (D:4)
  7 gnolls
  6 adders
  A white imp (D:3)
  An ufetubus (D:4)
  2 dart slugs
  19 orcs
  13 ball pythons
  4 bats
  8 endoplasms
  3 giant cockroaches (D:4)
  14 goblins
  10 hobgoblins
  2 jackals (D:6)
  5 quokkas
  3 frilled lizards
  3 goblin skeletons (D:3)
  3 hobgoblin zombies (D:3)
  10 kobolds
  An orc skeleton (D:3)
  2 orc zombies (D:3)
  7 rats
157 creatures vanquished.

Vanquished Creatures (others)
  467 foxfires
467 creatures vanquished.

Grand Total: 624 creatures vanquished

Notes
Turn   | Place    | Note
-------+----------+-------------------------------------------
     0 | D:1      | Reached skill level 9 in Spellcasting
     0 | D:1      | Toastz the Gnoll Wanderer began the quest for the Orb.
     0 | D:1      | Toastz set off with the following items: a +0 club, a +0
                  | buckler, a scroll of fog, a +0 robe, a scroll of
                  | vulnerability; and the following spells available to
                  | memorise: Foxfire, Freeze, Slow, Wereblood
     0 | D:1      | Reached XP level 1. HP: 17/17 MP: 10/10
     2 | D:1      | Learned a level 1 spell: Foxfire
     4 | D:1      | Learned a level 1 spell: Slow
   244 | D:1      | Reached XP level 2. HP: 23/23 MP: 8/12
   804 | D:1      | Found a faded altar of an unknown god.
   807 | D:1      | Reached XP level 3. HP: 28/28 MP: 10/13
  1175 | D:2      | Reached skill level 1 in Invocations
  1303 | D:2      | Reached skill level 1 in Short Blades
  1303 | D:2      | Reached skill level 1 in Long Blades
  1303 | D:2      | Reached skill level 1 in Axes
  1303 | D:2      | Reached skill level 1 in Maces & Flails
  1303 | D:2      | Reached skill level 1 in Polearms
  1303 | D:2      | Reached skill level 1 in Staves
  1303 | D:2      | Reached skill level 1 in Slings
  1303 | D:2      | Reached skill level 1 in Bows
  1303 | D:2      | Reached skill level 1 in Crossbows
  1303 | D:2      | Reached skill level 1 in Throwing
  1303 | D:2      | Reached skill level 1 in Dodging
  1303 | D:2      | Reached skill level 1 in Stealth
  1303 | D:2      | Reached skill level 1 in Unarmed Combat
  1303 | D:2      | Reached skill level 1 in Evocations
  1490 | D:2      | Reached XP level 4. HP: 33/34 MP: 15/15
  1517 | D:2      | Learned a level 2 spell: Wereblood
  1694 | D:2      | Found a hide-covered altar of Uskayaw.
  2075 | D:3      | Reached skill level 1 in Conjurations
  2075 | D:3      | Reached skill level 1 in Hexes
  2075 | D:3      | Reached skill level 1 in Summonings
  2075 | D:3      | Reached skill level 1 in Necromancy
  2075 | D:3      | Reached skill level 1 in Translocations
  2075 | D:3      | Reached skill level 1 in Transmutations
  2075 | D:3      | Reached skill level 1 in Fire Magic
  2075 | D:3      | Reached skill level 1 in Ice Magic
  2075 | D:3      | Reached skill level 1 in Air Magic
  2075 | D:3      | Reached skill level 1 in Earth Magic
  2075 | D:3      | Reached skill level 1 in Poison Magic
  2256 | D:3      | Found a runed translucent gate.
  2257 | D:3      | Found a runed translucent gate.
  2257 | D:3      | Found a runed translucent gate.
  2258 | D:3      | Noticed myxocpahck's ghost (amateur GrMo)
  2260 | D:3      | Noticed Sigmund
  2270 | D:3      | Gained mutation: You have hidden genetic defects. [potion
                  | of mutation]
  2273 | D:3      | Killed Sigmund
  2274 | D:3      | Reached XP level 5. HP: 19/41 MP: 12/17
  2274 | D:3      | Reached XP level 6. HP: 21/47 MP: 12/18
  2274 | D:3      | Lost mutation: You have hidden genetic defects. [potion of
                  | mutation]
  2274 | D:3      | Gained mutation: You have hidden genetic defects. [potion
                  | of mutation]
  2274 | D:3      | Gained mutation: You have terrible hidden genetic defects.
                  | [potion of mutation]
  2274 | D:3      | Gained mutation: Your mind is acute. (Int +2) [potion of
                  | mutation]
  2275 | D:3      | Lost mutation: Your mind is acute. (Int +2) [potion of
                  | mutation]
  2275 | D:3      | Lost mutation: You have terrible hidden genetic defects.
                  | [potion of mutation]
  2275 | D:3      | Lost mutation: You have hidden genetic defects. [potion of
                  | mutation]
  2275 | D:3      | Gained mutation: You are weak. (Str -2) [potion of
                  | mutation]
  2276 | D:3      | Lost mutation: You are weak. (Str -2) [potion of mutation]
  2276 | D:3      | Gained mutation: Your magical capacity is low. (-10% MP)
                  | [potion of mutation]
  2276 | D:3      | Gained mutation: You are partially covered in iridescent
                  | scales. (AC +2) [potion of mutation]
  2276 | D:3      | Gained mutation: Your spells are a little harder to cast,
                  | but a little more powerful. [potion of mutation]
  2543 | D:3      | Found a glowing golden altar of the Shining One.
  2649 | D:3      | Became a worshipper of the Shining One
  2650 | D:3      | Fell from the grace of the Shining One
  2712 | D:3      | Reached skill level 5 in Armour
  2712 | D:3      | Reached skill level 5 in Shields
  3679 | D:4      | Noticed Robin
  3687 | D:4      | Killed Robin
  3699 | D:4      | Reached XP level 7. HP: 35/52 MP: 10/18
  3880 | D:4      | Found a blossoming altar of Fedhas.
  3899 | D:4      | Found a radiant altar of Vehumet.
  3906 | D:4      | Noticed Blork the orc
  3914 | D:4      | Killed Blork the orc
  4291 | D:4      | Found a staircase to the Ecumenical Temple.
  4330 | Temple   | Entered the Ecumenical Temple
  4548 | Temple   | Became a worshipper of Cheibriados the Contemplative
  4808 | D:4      | Found an opulent altar of Gozag.
  5274 | D:5      | Entered Level 5 of the Dungeon
  5315 | D:5      | Reached XP level 8. HP: 60/60 MP: 15/19
  5479 | D:5      | Reached * piety under Cheibriados
  6055 | D:5      | Reached skill level 10 in Spellcasting
  6518 | D:5      | Noticed Edmund
  6531 | D:5      | Killed Edmund
  7095 | D:6      | Reached XP level 9. HP: 66/66 MP: 15/20
  7285 | D:6      | Reached ** piety under Cheibriados
  7317 | D:6      | Slain by a gnoll sergeant

Illustrated notes

Levels and vault maps discovered:
D:1:      dpeg_arrival_short_road, layout_rooms,
          hellmonk_ecumenical_altar_heavens_door, minmay_pentomino_x2
D:2:      layout_basic, basic_altar, chequers_mini_garden
D:3:      layout_basic, nicolae_tso_besieged_by_evil, ebering_ghost_rock_garden,
          uniq_sigmund
D:4:      layout_loops_ring, lemuel_round_altar, old_standard_altar,
          nicolae_vehumet_altar_sigil, minmay_temple_entry_glassed_door,
          uniq_robin, uniq_blork_the_orc
D:5:      layout_basic, uniq_edmund
D:6:      layout_cave_pools, general_overflow_altar, serial_gnoll_camp,
          gnoll_camp_mini_loothouse, gnoll_camp_mini_doghouse,
          gnoll_camp_mini_doghouse, gnoll_camp_mini_hut, gnoll_camp_huts_basic,
          gnoll_camp_medium_01
Temple:   eino_temple_water

Skill      XL: |  1  2  3  4  5  6  7  8  9 |
---------------+----------------------------+-----
Spellcasting   | 10 | 10.1
Invocations    | 1 2 3 4 |  4.4
Short Blades   | 1 2 3 4 |  4.0
Long Blades    | 1 2 3 4 |  4.0
Axes           | 1 2 3 4 |  4.0
Maces & Flails | 1 2 3 4 |  4.0
Polearms       | 1 2 3 4 |  4.0
Staves         | 1 2 3 4 |  4.0
Slings         | 1 2 3 4 |  4.0
Bows           | 1 2 3 4 |  4.0
Crossbows      | 1 2 3 4 |  4.0
Throwing       | 1 2 3 4 |  4.0
Dodging        | 1 2 3 4 |  4.0
Stealth        | 1 2 3 4 |  4.0
Unarmed Combat | 1 2 3 4 |  4.0
Evocations     | 1 2 3 4 |  4.0
Conjurations   | 1 2 3 |  3.3
Hexes          | 1 2 3 |  3.3
Summonings     | 1 2 3 |  3.3
Necromancy     | 1 2 3 |  3.3
Translocations | 1 2 3 |  3.3
Transmutations | 1 2 3 |  3.3
Fire Magic     | 1 2 3 |  3.3
Ice Magic      | 1 2 3 |  3.3
Air Magic      | 1 2 3 |  3.3
Earth Magic    | 1 2 3 |  3.3
Poison Magic   | 1 2 3 |  3.3
Fighting       | 3 4 |  4.8
Armour         | 5 6 |  6.1
Shields        | 5 6 |  6.1

Action                   |  1- 3 |  4- 6 |  7- 9 || total
-------------------------+-------+-------+-------++-------
Melee: Bite              |     3 |     6 |    12 ||    21
       Club              |     1 |       |       ||     1
       Whip              |    19 |       |       ||    19
       Falchion          |     7 |   115 |   103 ||   225
       Flail             |       |       |    22 ||    22
Throw: Boomerang         |       |     2 |       ||     2
 Cast: Foxfire           |    75 |    57 |   153 ||   285
       Wereblood         |       |     2 |     1 ||     3
       Slow              |       |     2 |     1 ||     3
Invok: Renounce Religion |       |     1 |       ||     1
       Bend Time         |       |       |     1 ||     1
  Use: Potion            |       |     5 |       ||     5
       Scroll            |       |     3 |     2 ||     5
 Stab: Distracted        |       |     1 |       ||     1
       Sleeping          |       |     1 |       ||     1
Armor: Robe              |     5 |    28 |     2 ||    35
       Ring mail         |       |       |    47 ||    47
Dodge: Dodged            |    16 |    77 |    64 ||   157
Block: Buckler           |     9 |    17 |    29 ||    55

Table legend: (Time is in decaauts)
 A = Elapsed time spent in this place.
 B = Non-inter-level travel time spent in this place.
 C = Inter-level travel time spent in this place.
 D = Time resting spent in this place.
 E = Time spent auto-exploring this place.
 F = Levels seen in this place.
 G = Mean time per level.
                   A        B        C        D        E       F      G
               +--------+--------+--------+--------+--------+-----+--------+
         Total |   7874 |   7355 |    519 |    881 |   5253 |   7 | 1124.9 |
       Dungeon |   7643 |   7160 |    483 |    881 |   5075 |   6 | 1273.8 |
        Temple |    231 |    196 |     35 |      0 |    178 |   1 |  231.0 |
               +--------+--------+--------+--------+--------+-----+--------+

Top non-repeatable levels by time:
     D:5: 2125 daAuts
     D:4: 1753 daAuts
     D:3: 1428 daAuts
     D:2: 1079 daAuts
     D:1: 928 daAuts
     D:6: 328 daAuts
  Temple: 231 daAuts
